 Dungeon Crawl Stone Soup version 0.31-a0-995-g04711c9635 (webtiles) character file.

Game seed: 11682483957261268531

31 Pixllover the Shooter (level 3, 0/30 HPs)
             Began as a Minotaur Hunter on Nov 6, 2023.
             Slain by a hobgoblin (3 damage)
             ... led by Robin
             ... on level 2 of the Dungeon.
             The game lasted 00:01:28 (916 turns).

Pixllover the Shooter (Minotaur Hunter)              Turns: 916, Time: 00:01:28

Health: 0/30       AC:  8    Str: 15    XL:     3   Next: 7%
Magic:  2/2        EV:  7    Int:  6    God:
Gold:   26         SH:  0    Dex: 15    Spells: 2/2 levels left

rFire   . .          .
                       - Unarmed
rCold   . . .        (no shield)
rNeg    . . .        h - +0 chain mail
rPois   .            (helmet restricted)
rElec   .            (no cloak)
rCorr   .            (no gloves)
SInv    .            (no boots)
Will    .....        (no amulet) Stlth
                     (no ring)
HPRegen 0.25/turn    (no ring)
MPRegen 0.08/turn

%: no passive effects
@: no status effects
A: horns 2, retaliatory headbutt
a: no special abilities


You were on level 2 of the Dungeon.
You visited 1 branch of the dungeon, and saw 2 of its levels.

You collected 26 gold pieces.

Inventory:

Hand Weapons
 a - a +0 shortbow
Armour
 c - a +0 leather armour
 h - a +0 chain mail (worn)
Jewellery
 n - the amulet of Xeqer {RegenMP Drain Int+2 Stlth+}
   (You found it on level 2 of the Dungeon)

   [amulet of magic regeneration]

   RegenMP:   It increases your rate of magic regeneration.
   Int+2:     It affects your intelligence (+2).
   Drain:     It drains your maximum health when unequipped.
   Stlth+:    It makes you more stealthy.
Wands
 l - a wand of iceblast (12)
Scrolls
 b - a scroll of butterflies
 d - 2 scrolls of immolation {unknown}
 e - a scroll of fear {unknown}
 f - a scroll of amnesia {unknown}
 j - 2 scrolls of identify {unknown}
 m - a scroll of teleportation {unknown}
Potions
 g - 3 potions of curing {unknown}
 i - a potion of enlightenment {unknown}
 k - a potion of resistance {unknown}


   Skills:
 + Level 2.4 Fighting
 + Level 5.1 Ranged Weapons
 + Level 1.0 Armour
 + Level 2.2 Dodging
 + Level 0.7 Stealth
 + Level 1.1 Unarmed Combat


You had 2 spell levels left.
You didn't know any spells.
Your spell library contained the following spells:

 Spells                   Type           Power      Damage    Failure   Level
 Fulminant Prism          Conj/Hex       0%         3d5       100%        4
 Fireball                 Conj/Fire      0%         3d3       100%        5
 Freezing Cloud           Conj/Ice/Air   0%         6-21      100%        5


Dungeon Overview and Level Annotations

Branches:
Dungeon (2/15)

Altars:

Annotations:
D:2 Robin


Innate Abilities, Weirdness & Mutations

You have a pair of horns on your head.
You reflexively headbutt those who attack you in melee.


Message History

The goblin attacks as it pursues you! The goblin hits you but does no damage.
A goblin comes into view. It is wielding a +0 dagger.
The goblin hits you but does no damage.
Robin roars a battlecry!
The goblin goes into a battle-frenzy!
The goblin attacks as it pursues you! The goblin barely misses you.
The goblin attacks as it pursues you! The goblin hits you with a +0 dagger.
Robin throws the goblin at you! The goblin barely misses you.
You closely miss the goblin. The goblin completely misses you.
The goblin hits you with a +0 dagger. The goblin hits you but does no damage.
Unknown command.
You hit the goblin.
The goblin is moderately wounded.
The hobgoblin hits you but does no damage.
The goblin hits you with a +0 dagger. The goblin barely misses you.
You closely miss the goblin.
The goblin is moderately wounded.
The hobgoblin hits you. The goblin hits you with a +0 dagger.
A goblin comes into view. It is wielding a +0 club.
The goblin hits you but does no damage. The goblin hits you with a +0 dagger.
You hit the goblin.
You kill the goblin!
The hobgoblin barely misses you. Robin barely misses you.
A goblin comes into view. It is wielding a +0 dagger.
The goblin closely misses you. The goblin hits you with a +0 dagger.
* * * LOW HITPOINT WARNING * * *
The goblin shouts!
The hobgoblin attacks as it pursues you!
The hobgoblin barely misses you. The goblin hits you with a +0 dagger.
* * * LOW HITPOINT WARNING * * *
Things that are here:
a +0 dagger; a goblin corpse Robin attacks as they pursue you!
Robin hits you from afar with a +0 spear of flaming.
* * * LOW HITPOINT WARNING * * *
Robin burns you.
* * * LOW HITPOINT WARNING * * *
The hobgoblin attacks as it pursues you!
The hobgoblin hits you.
You die...

...#.## #...#
#.##.# #.###
#.##.# #.#
#.##.# ##.##
#.# ##...##
... #.....# ..
#.....#
..#.....#####
.........@..#
...#...####g.#
### #.#.###.
##).##....
#..# #
#gg....# ..
#.g.#### #.g.#
#.!.# #...#
#..>...#


You could see a hobgoblin (strong) and 3 goblins.

Vanquished Creatures
  An adder (D:2)
  A dart slug (D:1)
  2 endoplasms
  2 goblins
  3 hobgoblins
  2 kobolds
  A quokka (D:1)
  A ball python (D:1)
  2 bats (D:2)
  2 frilled lizards (D:1)
  A rat (D:1)
18 creatures vanquished.

Notes
Turn   | Place    | Note
-------+----------+-------------------------------------------
     0 | D:1      | Pixllover the Minotaur Hunter began the quest for the Orb.
     0 | D:1      | Reached XP level 1. HP: 18/18 MP: 0/0
   129 | D:1      | Got the Enchiridion on Damage
   326 | D:1      | Reached XP level 2. HP: 25/25 MP: 1/1
   788 | D:2      | Identified the amulet of Xeqer {RegenMP Drain Int+2 Stlth+}
   820 | D:2      | Reached skill level 5 in Ranged Weapons
   820 | D:2      | Reached skill level 1 in Armour
   840 | D:2      | Reached skill level 1 in Unarmed Combat
   840 | D:2      | Reached XP level 3. HP: 30/30 MP: 2/2
   905 | D:2      | Noticed Robin
   916 | D:2      | Slain by a hobgoblin

Illustrated notes

Levels and vault maps discovered:
D:1:      giann_bridges, layout_loops_ring
D:2:      layout_loops_ring, basic_altar, grunt_ministairs_15,
          kennysheep_path_1, uniq_robin

Skill      XL: |  1  2 |
---------------+-------+-----
Ranged Weapons | 5 |  5.1
Armour         | 1 |  1.0
Unarmed Combat | 1 |  1.1
Fighting       | |  2.4
Dodging        | |  2.2
Stealth        | |  0.7

Action                     || total
---------------------------++-------
  Melee: Unarmed           ||    53
         Headbutt          ||     7
         Punch             ||     1
   Fire: Shortbow          ||     2
 Armour: Chain mail        ||    59
         Leather armour    ||     2
  Dodge: Dodged            ||    32

Table legend: (Time is in decaauts)
 A = Elapsed time spent in this place.
 B = Non-inter-level travel time spent in this place.
 C = Inter-level travel time spent in this place.
 D = Time resting spent in this place.
 E = Time spent auto-exploring this place.
 F = Levels seen in this place.
 G = Mean time per level.
                   A        B        C        D        E       F      G
               +--------+--------+--------+--------+--------+-----+--------+
         Total |    914 |    880 |     34 |      0 |    629 |   2 |  457.0 |
       Dungeon |    914 |    880 |     34 |      0 |    629 |   2 |  457.0 |
               +--------+--------+--------+--------+--------+-----+--------+

Top non-repeatable levels by time:
     D:1: 672 daAuts
     D:2: 241 daAuts
